TOP OF THE 1ST |
Milwaukee Brewers batting - Pitching for Washington Nationals : LHP Tim Wybenga
|
Pitching: LHP Tim Wybenga
|
|
Batting: SHB Pat Wilson
|
0-0: Ball 1-0: Ground out 5-3 (Groundball, 56, EV 76.9 MPH)
|
Batting: RHB Akitada Nishizawa
|
0-0: Called Strike 0-1: Fly out, F9 (Flyball, 89D, EV 101.9 MPH)
|
Batting: SHB Jason Woods
|
0-0: Swinging Strike 0-1: Ground out 1-3 (Groundball, 13, EV 74.4 MPH)
|
Top of the 1st over - 0 runs, 0 hits, 0 errors, 0 left on base; Milwaukee 0 - Washington 0 |
BOTTOM OF THE 1ST |
Washington Nationals batting - Pitching for Milwaukee Brewers : RHP John York
|
Pitching: RHP John York
|
|
Batting: SHB Andrew Wray II
|
0-0: Ball 1-0: Ball 2-0: Foul Ball, location: 2F 2-1: Ground out 6-3 (Groundball, 6, EV 88.8 MPH)
|
Batting: RHB C.J. Beavers
|
0-0: Ball 1-0: Ball 2-0: Called Strike 2-1: Ground out 6-3 (Groundball, 56, EV 84.4 MPH)
|
Batting: LHB R.J. O'Brien
|
0-0: Ball 1-0: Ball 2-0: Fly out, F8 (Line Drive, 8LM, EV 95.6 MPH)
|
Bottom of the 1st over - 0 runs, 0 hits, 0 errors, 0 left on base; Milwaukee 0 - Washington 0 |
TOP OF THE 2ND |
Milwaukee Brewers batting - Pitching for Washington Nationals : LHP Tim Wybenga
|
Batting: RHB Bobby Muniz
|
0-0: Called Strike 0-1: Fly out, F7 (Line Drive, 7D, EV 91.9 MPH)
|
Batting: RHB Adrian Rudkilde
|
0-0: Foul Ball, location: 2F 0-1: Ball 1-1: Fly out, F3 (Popup, 3SF, EV 75.6 MPH)
|
Batting: RHB Kisho Ito
|
0-0: Foul Ball, location: 2F 0-1: Ball 1-1: Foul Ball, location: 2F 1-2: Ball 2-2: Ball 3-2: Base on Balls
|
Batting: LHB Jeremy Kuiper
|
0-0: Ball 1-0: Called Strike 1-1: Ball 2-1: Foul Ball, location: 2F 2-2: Foul Ball, location: 2F 2-2: Ball 3-2: Foul Ball, location: 2F 3-2: Hit by Pitch Kisho Ito to second
|
Batting: RHB Cody Flowers
|
0-0: Called Strike 0-1: Ball 1-1: Called Strike 1-2: Foul Ball, location: 2F 1-2: Ball 2-2: Fielders Choice at 2nd, 6-4 (Groundball, 6, EV 98.8 MPH)
|
Top of the 2nd over - 0 runs, 0 hits, 0 errors, 2 left on base; Milwaukee 0 - Washington 0 |
BOTTOM OF THE 2ND |
Washington Nationals batting - Pitching for Milwaukee Brewers : RHP John York
|
Batting: LHB Armando Carbajal
|
0-0: Called Strike 0-1: Swinging Strike 0-2: Ball 1-2: Ball 2-2: Ball 3-2: Fly out, F9 (Line Drive, 8RM, EV 91.9 MPH)
|
Batting: LHB Yasahiko Teshima
|
0-0: Ball 1-0: Swinging Strike 1-1: Called Strike 1-2: Ball 2-2: Ground out U3 (Groundball, 3S, EV 91.2 MPH)
|
Batting: SHB Junzo Kato
|
0-0: Swinging Strike 0-1: Ball 1-1: Swinging Strike 1-2: Foul Ball, location: 2F 1-2: Fly out, F7 (Line Drive, 7, EV 100.6 MPH)
|
Bottom of the 2nd over - 0 runs, 0 hits, 0 errors, 0 left on base; Milwaukee 0 - Washington 0 |
TOP OF THE 3RD |
Milwaukee Brewers batting - Pitching for Washington Nationals : LHP Tim Wybenga
|
Batting: SHB Jean-François Bernard
|
0-0: Ball 1-0: Ball 2-0: Ball 3-0: Called Strike 3-1: Base on Balls
|
Batting: SHB Pat Wilson
|
0-0: Called Strike 0-1: Ball 1-1: Ball 2-1: Foul Ball, location: 2F 2-2: Ball 3-2: Foul Ball, location: 2F 3-2: Fly out, F8 (Line Drive, 8RD, EV 95.0 MPH)
|
Batting: RHB Akitada Nishizawa
|
0-0: Ball 1-0: Called Strike 1-1: Ball 2-1: Called Strike 2-2: DOUBLE (Flyball, 89XD, EV 93.8 MPH) Jean-François Bernard to third
|
Batting: SHB Jason Woods
|
0-0: Ground out 6-3 (Groundball, 6, EV 88.1 MPH) Jean-François Bernard scores Akitada Nishizawa to third
|
Batting: RHB Bobby Muniz
|
0-0: Ball 1-0: Called Strike 1-1: Ball 2-1: Swinging Strike 2-2: Strikes out swinging
|
Top of the 3rd over - 1 run, 1 hit, 0 errors, 1 left on base; Milwaukee 1 - Washington 0 |
BOTTOM OF THE 3RD |
Washington Nationals batting - Pitching for Milwaukee Brewers : RHP John York
|
Batting: RHB Luis Torres
|
0-0: Reached via error on a dropped throw from 2B, E3 (Groundball, 4M, EV 78.8 MPH)
|
Batting: RHB Dan Fallon
|
0-0: Ball 1-0: SINGLE (Groundball, 4D, EV 96.2 MPH) Luis Torres to second Runner from 2nd tries for 3rd, SAFE, throw by CF made to third
|
Batting: RHB Masashi Yukizawa
|
0-0: Ball 1-0: Foul Ball, location: 2F 1-1: Ball Passed Ball! Luis Torres scores Dan Fallon to second 2-1: Ball 3-1: Called Strike 3-2: Strikes out looking
|
Batting: SHB Andrew Wray II
|
0-0: Ball 1-0: Swinging Strike 1-1: Fly out, F8 (Line Drive, 8LD, EV 88.1 MPH) Runner from 2nd tags up, OUT at 3rd! 8-5
|
Bottom of the 3rd over - 1 run, 1 hit, 1 error, 0 left on base; Milwaukee 1 - Washington 1 |
TOP OF THE 4TH |
Milwaukee Brewers batting - Pitching for Washington Nationals : LHP Tim Wybenga
|
Batting: RHB Adrian Rudkilde
|
0-0: Called Strike 0-1: Swinging Strike 0-2: Foul Ball, location: 2F 0-2: Strikes out swinging
|
Batting: RHB Kisho Ito
|
0-0: Ball 1-0: Called Strike 1-1: Foul Ball, location: 2F 1-2: Ball 2-2: Ball 3-2: Ground out U3 (Groundball, 34, EV 91.9 MPH)
|
Batting: LHB Jeremy Kuiper
|
0-0: Foul Ball, location: 2F 0-1: Ball 1-1: Ball 2-1: Foul Ball, location: 2F 2-2: Fly out, F8 (Flyball, 8RM, EV 82.5 MPH)
|
Top of the 4th over - 0 runs, 0 hits, 0 errors, 0 left on base; Milwaukee 1 - Washington 1 |
BOTTOM OF THE 4TH |
Washington Nationals batting - Pitching for Milwaukee Brewers : RHP John York
|
Batting: RHB C.J. Beavers
|
0-0: Fly out, F4 (Popup, 34, EV 78.8 MPH)
|
Batting: LHB R.J. O'Brien
|
0-0: Ball 1-0: Foul Ball, location: 2F 1-1: Foul Ball, location: 2F 1-2: Ball 2-2: Fly out, F7 (Flyball, 7S, EV 84.4 MPH)
|
Batting: LHB Armando Carbajal
|
0-0: DOUBLE (Line Drive, 9LS, EV 99.4 MPH)
|
Batting: LHB Yasahiko Teshima
|
0-0: Called Strike 0-1: Swinging Strike 0-2: Ball 1-2: SINGLE (Line Drive, 34, EV 97.5 MPH) Armando Carbajal to third
|
Batting: SHB Junzo Kato
|
0-0: Ball 1-0: Ball 2-0: Fly out, F7 (Flyball, 7S, EV 86.2 MPH)
|
Bottom of the 4th over - 0 runs, 2 hits, 0 errors, 2 left on base; Milwaukee 1 - Washington 1 |
TOP OF THE 5TH |
Milwaukee Brewers batting - Pitching for Washington Nationals : LHP Tim Wybenga
|
Batting: RHB Cody Flowers
|
0-0: Ball 1-0: Called Strike 1-1: Ball 2-1: Called Strike 2-2: Ground out 6-3 (Groundball, 6M, EV 101.9 MPH)
|
Batting: SHB Jean-François Bernard
|
0-0: Ball 1-0: Called Strike 1-1: Foul Ball, location: 2F 1-2: Strikes out swinging
|
Batting: SHB Pat Wilson
|
0-0: Ball 1-0: Ball 2-0: Ball 3-0: Called Strike 3-1: Base on Balls
|
Batting: RHB Akitada Nishizawa
|
0-0: Ball 1-0: SINGLE (Groundball, 56D, EV 98.1 MPH) Pat Wilson to second
|
Batting: SHB Jason Woods
|
0-0: Ball 1-0: Foul Ball, location: 2F 1-1: Ball 2-1: Swinging Strike 2-2: Ball 3-2: Ground out 6-3 (Groundball, 6, EV 87.5 MPH)
|
Top of the 5th over - 0 runs, 1 hit, 0 errors, 2 left on base; Milwaukee 1 - Washington 1 |
BOTTOM OF THE 5TH |
Washington Nationals batting - Pitching for Milwaukee Brewers : RHP John York
|
Batting: RHB Luis Torres
|
0-0: Called Strike 0-1: Called Strike 0-2: Foul Ball, location: 2F 0-2: Fly out, F9 (Flyball, 89M, EV 83.1 MPH)
|
Batting: RHB Dan Fallon
|
0-0: Swinging Strike 0-1: Swinging Strike 0-2: Strikes out swinging
|
Batting: RHB Masashi Yukizawa
|
0-0: SOLO HOME RUN (Flyball, 9LD, EV 98.8 MPH), Distance : 360 ft
|
Batting: SHB Andrew Wray II
|
0-0: Foul Ball, location: 2F 0-1: Swinging Strike 0-2: Ball 1-2: SINGLE (Line Drive, 4D, EV 99.4 MPH)
|
Batting: RHB C.J. Beavers
|
0-0: Called Strike 0-1: Ball 1-1: DOUBLE (Flyball, 8LXD, EV 106.9 MPH) Andrew Wray II to third Runner from 3rd tries for Home, throw by CF and OUT! 8-6-2
|
Bottom of the 5th over - 1 run, 3 hits, 0 errors, 1 left on base; Milwaukee 1 - Washington 2 |
TOP OF THE 6TH |
Milwaukee Brewers batting - Pitching for Washington Nationals : LHP Tim Wybenga
|
Batting: RHB Bobby Muniz
|
0-0: Ball 1-0: Ball 2-0: Fly out, F7 (Flyball, 7LM, EV 94.4 MPH)
|
Batting: RHB Adrian Rudkilde
|
0-0: Called Strike 0-1: Ball 1-1: SINGLE (Flyball, 9LS, EV 92.5 MPH)
|
Batting: RHB Kisho Ito
|
0-0: Called Strike 0-1: Ball 1-1: SINGLE (Groundball, 6MD, EV 96.9 MPH) Adrian Rudkilde to second
|
Batting: LHB Jeremy Kuiper
|
0-0: Called Strike 0-1: Swinging Strike 0-2: SINGLE (Groundball, 4MD, EV 98.8 MPH) Adrian Rudkilde to third Kisho Ito to second Runner from 3rd tries for Home, SAFE, throw by CF to home
|
Pitching: LHP Keith Pratt
|
|
Batting: RHB Cody Flowers
|
0-0: DOUBLE (Line Drive, 9LM, EV 108.8 MPH) Kisho Ito scores Jeremy Kuiper to third
|
Batting: SHB Jean-François Bernard
|
0-0: Foul Ball, location: 2F 0-1: Ball 1-1: Fly out, F8 (Flyball, 8LS, EV 81.2 MPH)
|
Batting: SHB Pat Wilson
|
0-0: Ball 1-0: Called Strike 1-1: Called Strike 1-2: Fly out, F7 (Flyball, 7LD, EV 110.0 MPH)
|
Top of the 6th over - 2 runs, 4 hits, 0 errors, 2 left on base; Milwaukee 3 - Washington 2 |
BOTTOM OF THE 6TH |
Washington Nationals batting - Pitching for Milwaukee Brewers : RHP John York
|
Batting: LHB R.J. O'Brien
|
0-0: Called Strike 0-1: Foul Ball, location: 2F 0-2: Ball 1-2: Strikes out swinging, 2-3 out at first.
|
Batting: LHB Armando Carbajal
|
0-0: Called Strike 0-1: Ball 1-1: Ball 2-1: Foul Ball, location: 2F 2-2: Fly out, F9 (Flyball, 8RM, EV 84.4 MPH)
|
Batting: LHB Yasahiko Teshima
|
0-0: Ball 1-0: Foul Ball, location: 2F 1-1: Ball 2-1: Ball 3-1: Called Strike 3-2: SOLO HOME RUN (Flyball, 9D, EV 95.6 MPH), Distance : 380 ft
|
Batting: SHB Junzo Kato
|
0-0: Foul Ball, location: 2F 0-1: SINGLE (Groundball, 4MD, EV 98.1 MPH)
|
Batting: RHB Luis Torres
|
0-0: Fly out, F9 (Flyball, 9D, EV 91.2 MPH)
|
Bottom of the 6th over - 1 run, 2 hits, 0 errors, 1 left on base; Milwaukee 3 - Washington 3 |
TOP OF THE 7TH |
Milwaukee Brewers batting - Pitching for Washington Nationals : LHP Keith Pratt
|
Batting: RHB Akitada Nishizawa
|
0-0: Fly out, F7 (Flyball, 7D, EV 83.8 MPH)
|
Batting: SHB Jason Woods
|
0-0: Ball 1-0: Called Strike 1-1: Ground out 6-3 (Groundball, 6, EV 86.9 MPH)
|
Batting: RHB Bobby Muniz
|
0-0: Ball 1-0: Ball 2-0: Called Strike 2-1: Ball 3-1: Foul Ball, location: 2F 3-2: Base on Balls
|
Batting: RHB Adrian Rudkilde
|
0-0: Ball 1-0: DOUBLE (Line Drive, 9LM, EV 110.0 MPH) Bobby Muniz to third
|
Batting: RHB Kisho Ito
|
0-0: Intentional Walk
|
Batting: RHB Yuichi Matsuoka
|
0-0: GRAND SLAM HOME RUN (Flyball, 7LD, EV 93.1 MPH), Distance : 349 ft
|
Pitching: RHP David Krampe
|
|
Batting: RHB Cody Flowers
|
0-0: Ball 1-0: Ball 2-0: Called Strike 2-1: Ball 3-1: Base on Balls
|
Batting: SHB Jean-François Bernard
|
0-0: Ball 1-0: Swinging Strike 1-1: Called Strike 1-2: 2-RUN HOME RUN (Flyball, 9D, EV 100.0 MPH), Distance : 375 ft
|
Batting: SHB Pat Wilson
|
0-0: Ball 1-0: Called Strike 1-1: Foul Ball, location: 2F 1-2: Ball 2-2: Ball 3-2: Foul Ball, location: 2F 3-2: SOLO HOME RUN (Flyball, 9LD, EV 96.9 MPH), Distance : 357 ft
|
Batting: RHB Akitada Nishizawa
|
0-0: Fly out, F8 (Flyball, 78XD, EV 105.6 MPH)
|
Top of the 7th over - 7 runs, 4 hits, 0 errors, 0 left on base; Milwaukee 10 - Washington 3 |
BOTTOM OF THE 7TH |
Washington Nationals batting - Pitching for Milwaukee Brewers : RHP John York
|
Now at 2B: Jean-François Bernard
|
|
Now at 3B: Jeff Taylor
|
|
Batting: RHB Dan Fallon
|
0-0: Called Strike 0-1: Ball 1-1: SINGLE (Groundball, 56S, EV 61.2 MPH) (infield hit)
|
Batting: RHB Masashi Yukizawa
|
0-0: Called Strike 0-1: Ball Wild Pitch! Dan Fallon to second 1-1: Fly out, F8 (Flyball, 8RD, EV 90.0 MPH)
|
Batting: SHB Andrew Wray II
|
0-0: Ball 1-0: Ground out 6-3 (Groundball, 6, EV 105.6 MPH)
|
Batting: RHB C.J. Beavers
|
0-0: Foul Ball, location: 2F 0-1: Ball 1-1: Ball 2-1: Swinging Strike 2-2: Fly out, F1 (Line Drive, P, EV 69.4 MPH)
|
Bottom of the 7th over - 0 runs, 1 hit, 0 errors, 1 left on base; Milwaukee 10 - Washington 3 |
TOP OF THE 8TH |
Milwaukee Brewers batting - Pitching for Washington Nationals : RHP David Krampe
|
Batting: SHB Jason Woods
|
0-0: Called Strike 0-1: Foul Ball, location: 2F 0-2: Ball 1-2: Foul Ball, location: 2F 1-2: Strikes out swinging
|
Batting: RHB Bobby Muniz
|
0-0: Called Strike 0-1: Called Strike 0-2: Strikes out swinging
|
Batting: LHB Jeff Taylor
|
0-0: Ball 1-0: Called Strike 1-1: Swinging Strike 1-2: Ball 2-2: Strikes out swinging
|
Top of the 8th over - 0 runs, 0 hits, 0 errors, 0 left on base; Milwaukee 10 - Washington 3 |
BOTTOM OF THE 8TH |
Washington Nationals batting - Pitching for Milwaukee Brewers : RHP John York
|
Pitching: RHP Kouchiro Yamaguchi
|
|
Batting: LHB R.J. O'Brien
|
0-0: Called Strike 0-1: Ball 1-1: Ball 2-1: Foul Ball, location: 2F 2-2: Foul Ball, location: 2F 2-2: Ground out 5-3 (Groundball, 56S, EV 70.0 MPH)
|
Batting: LHB Armando Carbajal
|
0-0: Ball 1-0: Called Strike 1-1: Fly out, F8 (Flyball, 8RD, EV 86.9 MPH)
|
Batting: LHB Yasahiko Teshima
|
0-0: Ball 1-0: Foul Ball, location: 2F 1-1: Ball 2-1: Swinging Strike 2-2: Foul Ball, location: 2F 2-2: Strikes out swinging
|
Bottom of the 8th over - 0 runs, 0 hits, 0 errors, 0 left on base; Milwaukee 10 - Washington 3 |
TOP OF THE 9TH |
Milwaukee Brewers batting - Pitching for Washington Nationals : RHP David Krampe
|
Batting: RHB Kisho Ito
|
0-0: Ball 1-0: Called Strike 1-1: Foul Ball, location: 2F 1-2: Fly out, F8 (Line Drive, 8LM, EV 85.6 MPH)
|
Batting: RHB Yuichi Matsuoka
|
0-0: Ball 1-0: Ball 2-0: Called Strike 2-1: Fly out, F3 (Popup, 3SF, EV 88.1 MPH)
|
Batting: RHB Cody Flowers
|
0-0: Swinging Strike 0-1: Foul Ball, location: 2F 0-2: Ball 1-2: Ball 2-2: Ball 3-2: Base on Balls
|
Batting: SHB Jean-François Bernard
|
0-0: Called Strike Cody Flowers steals 2nd base 0-1: Called Strike 0-2: Foul Ball, location: 2F 0-2: Strikes out swinging
|
Top of the 9th over - 0 runs, 0 hits, 0 errors, 1 left on base; Milwaukee 10 - Washington 3 |
BOTTOM OF THE 9TH |
Washington Nationals batting - Pitching for Milwaukee Brewers : RHP Kouchiro Yamaguchi
|
Batting: SHB Junzo Kato
|
0-0: Ball 1-0: Ball 2-0: SINGLE (Groundball, 34D, EV 97.5 MPH)
|
Pinch Hitting: RHB John Sanders
|
0-0: Ball 1-0: Ball 2-0: Ball 3-0: Called Strike 3-1: Fly out, F6 (Popup, 6, EV 74.4 MPH)
|
Batting: RHB Dan Fallon
|
0-0: SINGLE (Line Drive, 89S, EV 88.1 MPH) Junzo Kato to second
|
Batting: RHB Masashi Yukizawa
|
0-0: Ball 1-0: Ball 2-0: Ball 3-0: Called Strike 3-1: 3-RUN HOME RUN (Flyball, 78XD, EV 101.2 MPH), Distance : 398 ft
|
Pitching: LHP Justin Miller
|
|
Batting: SHB Andrew Wray II
|
0-0: Ball 1-0: Ball 2-0: Ball 3-0: Called Strike 3-1: Foul Ball, location: 2F 3-2: Base on Balls
|
Batting: RHB C.J. Beavers
|
0-0: Fly out, F8 (Line Drive, 8RD, EV 109.4 MPH)
|
Batting: LHB R.J. O'Brien
|
0-0: Ball 1-0: Ground out U3 (Groundball, 3L, EV 98.1 MPH)
|
Bottom of the 9th over - 3 runs, 3 hits, 0 errors, 1 left on base; Milwaukee 10 - Washington 6 |
|